 Dungeon Crawl Stone Soup version 0.27-a0-550-ge92ec0ca06 (webtiles) character file.

Game seed: 18202199035329489549

26 Azuregosa the Covered (level 3, 28/28 HPs)
             Began as a Gnoll Wanderer on Mar 7, 2021.
             Quit the game on level 1 of the Dungeon on Oct 8, 2023.
             The game lasted 00:05:32 (718 turns).

Azuregosa the Covered (Gnoll Wanderer)               Turns: 718, Time: 00:05:34

Health: 28/28      AC:  2    Str: 12    XL:     3   Next: 8%
Magic:  3/3        EV: 11    Int:  9    God:
Gold:   11         SH:  0    Dex: 13    Spells: 3/3 levels left

rFire    . . .     SeeInvis .   d - +0 hand crossbow
rCold    . . .     Faith    .   (no shield)
rNeg     . . .     Spirit   .   f - +0 robe
rPois    .         Reflect  .   (no helmet)
rElec    .         Harm     .   (no cloak)
rCorr    .         Rampage  .   (no gloves)
Will     .....                  (no boots)
Stlth    +++.......             (no amulet)
HPRegen  0.09/turn              (no ring)
MPRegen  0.08/turn              (no ring)

@: no status effects
A: fangs 1, strong nose, distributed training
a: no special abilities


You were on level 1 of the Dungeon.
You visited 1 branch of the dungeon, and saw 1 of its levels.

You collected 11 gold pieces.

Inventory:

Hand Weapons
 a - a +0 shortbow
 d - a +0 hand crossbow (weapon)
 g - a +0 dagger
Missiles
 c - 43 arrows
 e - 37 bolts (quivered ammo)
 i - 17 poisoned darts
 j - 36 sling bullets
 m - 39 stones
Armour
 f - a +0 robe (worn)
Wands
 b - a wand of flame (15)
Scrolls
 n - a scroll of enchant armour {unknown}
 o - 2 scrolls of amnesia {unknown}
 q - a scroll of immolation {unknown}
 r - a scroll of magic mapping {unknown}
 s - a scroll of identify {unknown}
Potions
 h - a potion of brilliance {unknown}
 k - a potion of flight {unknown}
 l - a potion of invisibility {unknown}
 p - 2 potions of attraction {unknown}


   Skills:
 + Level 2.5 Fighting
 + Level 2.5 Short Blades
 + Level 0.6 Long Blades
 + Level 0.6 Axes
 + Level 0.6 Maces & Flails
 + Level 0.6 Polearms
 + Level 0.6 Staves
 + Level 0.6 Slings
 + Level 0.6 Bows
 + Level 2.5 Crossbows
 + Level 0.6 Throwing
 + Level 6.5 Armour
 + Level 0.6 Dodging
 + Level 4.1 Stealth
 + Level 2.5 Shields
 + Level 0.6 Unarmed Combat
 + Level 0.6 Spellcasting
 + Level 0.4 Conjurations
 + Level 0.4 Hexes
 + Level 0.4 Summonings
 + Level 0.4 Necromancy
 + Level 0.4 Translocations
 + Level 0.4 Transmutations
 + Level 0.4 Fire Magic
 + Level 0.4 Ice Magic
 + Level 0.4 Air Magic
 + Level 0.4 Earth Magic
 + Level 0.4 Poison Magic
 + Level 0.8 Invocations
 + Level 2.5 Evocations


You had 3 spell levels left.
You didn't know any spells.
Your spell library was empty.

Dungeon Overview and Level Annotations

Branches:
Dungeon (1/15)

Altars:


Innate Abilities, Weirdness & Mutations

You have very sharp teeth.
Your uncanny sense of smell can sniff out nearby items.
Your experience applies equally to all skills.


Message History

Press: ? - help, Q - select action, (/) - cycle Shift-Dir - straight line, f - frilled lizard
Aim: a frilled lizard (46% to hit)
You shoot a bolt. The bolt hits the frilled lizard!
You kill the frilled lizard!
o - 2 scrolls labelled OLITHA JESEH (gained 1)
e - 33 bolts (gained 1)
e - 34 bolts (gained 1)
e - 35 bolts (gained 1)
e - 37 bolts (gained 2) HP restored.
A rat comes into view.
You see here 11 gold pieces.
You now have 11 gold pieces.
Fire: 37 bolts
Press: ? - help, Q - select action, (/) - cycle Shift-Dir - straight line, f - rat
Aim: a rat (asleep, 98% to hit)
You shoot a bolt. The bolt hits the rat.
The rat is severely wounded.
Fire: 36 bolts
Press: ? - help, Q - select action, (/) - cycle Shift-Dir - straight line, f/p - rat
Aim: a rat (severely wounded, 63% to hit)
You shoot a bolt. The bolt hits the rat!
You kill the rat!
e - 36 bolts (gained 1)
e - 37 bolts (gained 1)
You open the door.
There is an open door here.
There is a stone staircase leading down here.
Found an escape hatch in the floor.
s - a scroll labelled OHETEN OPLAHA
j - 36 sling bullets (gained 19)
There is a stone staircase leading down here.
Welcome back, Azuregosa the Gnoll Wanderer.
Press ? for a list of commands and other information.
Welcome back, Azuregosa the Gnoll Wanderer.
Press ? for a list of commands and other information.
Are you sure you want to abandon this character and quit the game? (Confirm with "yes".)
Okay, then.
Unknown command.
Are you sure you want to abandon this character and quit the game? (Confirm with "yes".)

##'#.#### #.# #.#...........#
#.#....# #.# #.##.##...#.######
#.####.####.###.#.......#.......
#.....).......#.#..####.........
######.#..#÷#.#.#..##.........##
..........#.#..##.#.#####.##
#.##.#......#.#...#.#.....#.#. #
#.#......#.#.#.#.#†....#.#.
#.##.#....@............#.#.
#.#.##...#.#.#####.#...#.#.
#........#.#...........#.#.
####......#.#####.#.#..##.#.
#.#...................#.......
#>...........#.........).##.#.
###........#.#.########.....#.
##########...# #.#####. #####
#.. ..


There were no monsters in sight!

Vanquished Creatures
  2 oozes (D:1)
  5 bats (D:1)
  4 hobgoblins (D:1)
  A frilled lizard (D:1)
  3 kobolds (D:1)
  3 rats (D:1)
18 creatures vanquished.

Notes
Turn   | Place    | Note
-------+----------+-------------------------------------------
     0 | D:1      | Azuregosa the Gnoll Wanderer began the quest for the Orb.
     0 | D:1      | Azuregosa set off with the following items: a +0 shortbow,
                  | a wand of flame (15), 25 arrows, a +0 hand crossbow, 27
                  | bolts, a +0 robe, a +0 dagger
     0 | D:1      | Reached XP level 1. HP: 17/17 MP: 1/1
    69 | D:1      | Reached XP level 2. HP: 23/23 MP: 2/2
   396 | D:1      | Reached XP level 3. HP: 28/28 MP: 3/3
   718 | D:1      | Quit the game

Illustrated notes

Levels and vault maps discovered:
D:1:      dpeg_arrival_arbitrary_a, layout_basic

Action                   || total
-------------------------++-------
 Fire: Hand crossbow     ||    43
Armor: Robe              ||     8
Dodge: Dodged            ||    14

Table legend: (Time is in decaauts)
 A = Elapsed time spent in this place.
 B = Non-inter-level travel time spent in this place.
 C = Inter-level travel time spent in this place.
 D = Time resting spent in this place.
 E = Time spent auto-exploring this place.
 F = Levels seen in this place.
 G = Mean time per level.
                   A        B        C        D        E       F      G
               +--------+--------+--------+--------+--------+-----+--------+
         Total |    734 |    734 |      0 |      0 |    406 |   1 |  734.0 |
       Dungeon |    734 |    734 |      0 |      0 |    406 |   1 |  734.0 |
               +--------+--------+--------+--------+--------+-----+--------+

Top non-repeatable levels by time:
     D:1: 734 daAuts
